 Dungeon Crawl Stone Soup version 0.31-a0-1074-g0b22e4e0f1 (webtiles) character file.

Game seed: 7683693555427413194

243 Dittersdorf the Trooper (level 6, -5/39 HPs)
             Began as a Gargoyle Fighter on Nov 28, 2023.
             Slain by Duvessa
             ... wielding a +0 rapier
              (7 damage)
             ... on level 4 of the Dungeon.
             The game lasted 00:02:46 (2608 turns).

Dittersdorf the Trooper (Gargoyle Fighter)          Turns: 2608, Time: 00:02:47

Health: -5/39      AC: 11    Str: 22    XL:     6   Next: 9%
Magic:  6/6        EV:  9    Int:  8    God:
Gold:   157        SH:  4    Dex:  9    Spells: 5/5 levels left

rFire   . . .        q - +2 flail (heavy)
rCold   + . .        c - +0 buckler
rNeg    + . .        b - +0 scale mail
rPois   ∞            (no helmet)
rElec   +            (no cloak)
rCorr   .            (no gloves)
SInv    .            (no boots)
Will    .....        (no amulet) Stlth
                     r - ring of protection from cold
HPRegen 0.26/turn    (no ring)
MPRegen 0.10/turn

%: no passive effects
@: no status effects
A: sickness immunity, AC +4, negative energy resistance 1, electricity
resistance, torment resistance 1, petrification resistance
a: no special abilities


You were on level 4 of the Dungeon.
You visited 1 branch of the dungeon, and saw 5 of its levels.

You collected 157 gold pieces.

Inventory:

Hand Weapons
 q - a +2 heavy flail (weapon)
Armour
 b - a +0 scale mail (worn)
 c - a +0 buckler (worn)
Jewellery
 m - a ring of ice
 r - a ring of protection from cold (left hand)
Scrolls
 f - 2 scrolls of vulnerability {unknown}
 g - 3 scrolls of identify
 h - 2 scrolls of teleportation {unknown}
 j - 3 scrolls of noise {unknown}
 k - 2 scrolls of immolation {unknown}
 l - a scroll of summoning {unknown}
 o - 3 scrolls of enchant weapon {unknown}
 p - a scroll of brand weapon {unknown}
Potions
 d - a potion of might
 e - 2 potions of curing
 i - a potion of heal wounds {unknown}
 n - 2 potions of attraction {unknown}


   Skills:
 + Level 4.6 Fighting
 + Level 3.4 Maces & Flails
 + Level 4.5 Armour
 + Level 4.5 Shields


You had 5 spell levels left.
You didn't know any spells.
Your spell library contained the following spells:

 Spells                   Type           Power      Damage    Failure   Level
 Call Canine Familiar     Summ           0%         N/A       99%         3
 Sigil of Binding         Hex            0%         N/A       99%         3
 Dimensional Bullseye     Hex/Tloc       0%         N/A       100%        4
 Leda's Liquefaction      Hex/Erth       0%         N/A       100%        4


Dungeon Overview and Level Annotations

Branches:
Dungeon (5/15)
 Temple: D:4-7

Altars:
Makhleb

Annotations:
D:4 Dowan, Duvessa


Innate Abilities, Weirdness & Mutations

You are immune to sickness and miasma.
Your stone body is resilient. (AC +4)
You are immune to poison.
You resist negative energy. (rN+)
You are resistant to electric shocks. (rElec)
You are resistant to unholy torment.
You are immune to petrification.


Message History

Duvessa is lightly wounded.
A jackal comes into view.
Duvessa hits you with a +0 rapier! Something hits you but does no damage.
The orc barely misses you.
You barely miss Duvessa.
Duvessa is lightly wounded.
The jackal barks!
You hear a shout!
Duvessa roars, "You can run, but you cannot escape us forever!"
Duvessa hits you with a +0 rapier. You block something's attack.
The orc barely misses you.
Dowan mumbles some strange words.
Dowan blinks!
Duvessa hits you with a +0 rapier.
* * * LOW HITPOINT WARNING * * *
You block the orc's attack.
An orc comes into view. It is wielding a +0 whip.
Something hits you but does no damage.
You hit Duvessa.
Duvessa is lightly wounded.
Duvessa barely misses you.
You hear some strange, mumbled words.
Something tries to affect you, but you resist.
The orc barely misses you. Duvessa hits you with a +0 rapier.
* * * LOW HITPOINT WARNING * * *
Something hits you.
* * * LOW HITPOINT WARNING * * *
The orc closely misses you.
You barely miss something. Duvessa barely misses you.
You block something's attack. The orc barely misses you.
You block Duvessa's attack. Something hits you but does no damage.
The orc closely misses you.
The air fills with toxic fumes!
As you read the scroll labelled WADOUH FITS, it crumbles to dust.
It was a scroll of poison.
Duvessa hits you with a +0 rapier.
* * * LOW HITPOINT WARNING * * *
Something hits you but does no damage. The orc barely misses you.
As you read the scroll labelled ICIADA EGIMICOACK, it crumbles to dust.
It is a scroll of identify.
e - 2 potions of curing Duvessa hits you with a +0 rapier!
You die...

{o.# §§§
...## §§§
...# #§§
.o# #o#
#.# #h#
#.#
#g######§
#.#
#oe§§§§§§
#># #@#
#.# #{#
#.####
#o######
#....#
#§§....#
####.#
######.#
#o#
####.#
#.#
..##.#
#.# ##
#.##.#
#.# # #.#
#.##.#
#.#


You could see Duvessa, 3 orcs, a jackal and a hobgoblin.

Vanquished Creatures
  A hound (D:5)
  3 orc wizards (D:3)
  A gnoll (D:1)
  6 adders (D:2)
  A worm (D:2)
  A dart slug (D:2)
  10 orcs
  5 bats
  3 endoplasms
  2 giant cockroaches
  7 goblins
  A hobgoblin (D:1)
  3 jackals
  3 kobolds (D:1)
  3 quokkas
  8 ball pythons
  3 frilled lizards
  4 rats
65 creatures vanquished.

Notes
Turn   | Place    | Note
-------+----------+-------------------------------------------
     0 | D:1      | Dittersdorf the Gargoyle Fighter began the quest for the
                  | Orb.
     0 | D:1      | Reached XP level 1. HP: 14/14 MP: 1/1
   118 | D:1      | Reached XP level 2. HP: 15/19 MP: 2/2
   447 | D:1      | Reached XP level 3. HP: 19/23 MP: 3/3
   912 | D:2      | Reached XP level 4. HP: 27/29 MP: 4/4
  1556 | D:2      | Reached XP level 5. HP: 33/33 MP: 5/5
  2316 | D:3      | Found a burning altar of Makhleb.
  2474 | D:3      | You fall into a shaft and drop 2 floors!
  2474 | D:5      | Entered Level 5 of the Dungeon
  2493 | D:5      | Reached XP level 6. HP: 37/39 MP: 6/6
  2562 | D:4      | Noticed Duvessa
  2562 | D:4      | Noticed Dowan
  2608 | D:4      | Slain by Duvessa

Illustrated notes

Levels and vault maps discovered:
D:1:      nagdon_arrival_zigzag_paths, layout_basic, dk_noncrumbling_4
D:2:      kennysheep_six_static_rooms, layout_basic, corexii_leaking_fountain
D:3:      layout_loops_ring, lightli_temple_of_fire, grunt_decor_arrowhead
D:4:      layout_loops_ring, uniq_duvessa
D:5:      layout_loops_ring, ebering_ghost_reflecting_pool, minmay_manual_mares,
          uniq_pikel, uniq_eustachio

Skill      XL: |  1  2  3  4 |
---------------+-------------+-----
Fighting       | 4 |  4.6
Shields        | 4 |  4.5
Armour         | 4 |  4.5
Maces & Flails | 3 |  3.4

Action                     |  1- 3 |  4- 6 || total
---------------------------+-------+-------++-------
  Melee: Flail             |    89 |   149 ||   238
    Use: Scroll            |       |     2 ||     2
 Armour: Scale mail        |    70 |   108 ||   178
  Dodge: Dodged            |    51 |    88 ||   139
  Block: Buckler           |    27 |    43 ||    70

Table legend: (Time is in decaauts)
 A = Elapsed time spent in this place.
 B = Non-inter-level travel time spent in this place.
 C = Inter-level travel time spent in this place.
 D = Time resting spent in this place.
 E = Time spent auto-exploring this place.
 F = Levels seen in this place.
 G = Mean time per level.
                   A        B        C        D        E       F      G
               +--------+--------+--------+--------+--------+-----+--------+
         Total |   2680 |   2629 |     51 |     94 |   1982 |   5 |  536.0 |
       Dungeon |   2680 |   2629 |     51 |     94 |   1982 |   5 |  536.0 |
               +--------+--------+--------+--------+--------+-----+--------+

Top non-repeatable levels by time:
     D:2: 1049 daAuts
     D:1: 811 daAuts
     D:3: 676 daAuts
     D:4: 115 daAuts
     D:5: 27 daAuts
